 Dungeon Crawl Stone Soup version 0.29-a0-414-g5075937ec3 (webtiles) character file.

Game seed: 18179553962382550293

1 trckry the Conjurer (level 1, 0/15 HPs)
             Began as a Demonspawn Wanderer on May 15, 2022.
             Slain by a kobold
             ... wielding a +0 dagger
              (1 damage)
             ... on level 1 of the Dungeon.
             The game lasted 00:00:52 (62 turns).

trckry the Conjurer (Demonspawn Wanderer)             Turns: 62, Time: 00:00:53

Health: 0/15       AC:  2    Str: 12    XL:     1   Next: 16%
Magic:  3/3        EV: 10    Int: 15    God:
Gold:   0          SH:  3    Dex: 10    Spells: 4/4 levels left

rFire   . . .      SeeInvis .   a - +0 club
rCold   . . .      Faith    .   b - +0 buckler
rNeg    . . .      Spirit   .   d - +0 robe
rPois   .          Reflect  .   (no helmet)
rElec   .          Harm     .   (no cloak)
rCorr   .          Rampage  .   (no gloves)
Will    .....                   (no boots)
Stlth   +.........              (no amulet)
HPRegen 0.05/turn               (no ring)
MPRegen 0.08/turn               (no ring)

@: no status effects
A: no striking features
a: no special abilities


You were on level 1 of the Dungeon.
You visited 1 branch of the dungeon, and saw 1 of its levels.

Inventory:

Hand Weapons
 a - a +0 club (weapon)
Armour
 b - a +0 buckler (worn)
 d - a +0 robe (worn)
Scrolls
 c - a scroll of fog
 f - a scroll of immolation {unknown}
Potions
 e - a potion of curing


   Skills:
 + Level 1.2 Fighting
 - Level 1.0 Armour
 - Level 1.0 Stealth
 - Level 1.7 Shields
 - Level 2.0 Spellcasting
 - Level 3.0 Conjurations


You had 4 spell levels left.
You didn't know any spells.
Your spell library contained the following spells:

 Spells                   Type           Power      Damage    Failure   Level
 Magic Dart               Conj           40%        1d5       9%          1
 Shock                    Conj/Air       24%        1d4       16%         1
 Iskenderun's Mystic Bla  Conj/Tloc      6%         2d4       83%         4


Dungeon Overview and Level Annotations

Branches:
Dungeon (1/15)

Altars:


Message History

A kobold comes into view. It is wielding a +0 dagger.
Found a dagger.
You barely miss the rat. The rat bites you but does no damage.
The rat misses you.
You hit the rat but do no damage. The rat bites you.
You take 1 damage, and have 14/15 hp.
You barely miss the rat. The rat barely misses you.
You hit the rat.
The rat is moderately wounded.
The rat bites you. The rat barely misses you.
You take 2 damage, and have 12/15 hp.
You hit the rat.
The rat is severely wounded.
The rat bites you.
You take 1 damage, and have 11/15 hp.
You hit the rat.
You kill the rat!
The helpless kobold fails to defend itself.
You hit the kobold but do no damage. The kobold hits you with a +0 dagger.
You block the kobold's attack.
You take 4 damage, and have 7/15 hp.
MASSIVE DAMAGE!!
You hit the kobold but do no damage. The kobold hits you with a +0 dagger.
You take 2 damage, and have 5/15 hp.
You closely miss the kobold. The kobold closely misses you.
You barely miss the kobold. The kobold misses you.
The kobold hits you with a +0 dagger.
* * * LOW HITPOINT WARNING * * *
You take 3 damage, and have 3/15 hp.
You barely miss the kobold. The kobold hits you with a +0 dagger.
* * * LOW HITPOINT WARNING * * *
You take 2 damage, and have 1/15 hp.
You closely miss the kobold. The kobold barely misses you.
You hit the kobold but do no damage. The kobold closely misses you. x2
You hit the kobold.
The kobold is severely wounded.
The kobold barely misses you.
You closely miss the kobold.
The kobold is severely wounded.
The kobold hits you with a +0 dagger.
You die...

....... ........###
)..........
........#.#
.!...(..#.#
........#.#
........#.#
........K.#
.......@########
###^####.......#
#.......# #....(..#
#. #.......# #.
#..)....##. #.
#..........
####.####.......##.
#..........######


You could see a kobold.

Vanquished Creatures
  A kobold (D:1)
  A rat (D:1)
2 creatures vanquished.

Notes
Turn   | Place    | Note
-------+----------+-------------------------------------------
     0 | D:1      | trckry the Demonspawn Wanderer began the quest for the Orb.
     0 | D:1      | trckry set off with the following items: a +0 club, a +0
                  | buckler, a scroll of fog, a +0 robe, a potion of curing;
                  | and the following spells available to memorise: Magic Dart,
                  | Shock, Iskenderun's Mystic Blast
     0 | D:1      | Reached XP level 1. HP: 15/15 MP: 3/3
    57 | D:1      | HP: 1/15 [kobold/+0 dagger (2)]
    62 | D:1      | Slain by a kobold

Illustrated notes

Levels and vault maps discovered:
D:1:      tarquinn_simple_flora_water_d, layout_loops_cross,
          hellmonk_ecumenical_altar_run_dry

Action                   || total
-------------------------++-------
Melee: Club              ||    17
 Stab: Sleeping          ||     1
Armor: Robe              ||     1
Dodge: Dodged            ||    10
Block: Buckler           ||     1

Table legend: (Time is in decaauts)
 A = Elapsed time spent in this place.
 B = Non-inter-level travel time spent in this place.
 C = Inter-level travel time spent in this place.
 D = Time resting spent in this place.
 E = Time spent auto-exploring this place.
 F = Levels seen in this place.
 G = Mean time per level.
                   A        B        C        D        E       F      G
               +--------+--------+--------+--------+--------+-----+--------+
         Total |     67 |     67 |      0 |      0 |     28 |   1 |   67.0 |
       Dungeon |     67 |     67 |      0 |      0 |     28 |   1 |   67.0 |
               +--------+--------+--------+--------+--------+-----+--------+

Top non-repeatable levels by time:
     D:1: 67 daAuts
